 Dungeon Crawl Stone Soup version 0.27.1-3-gb3d3a73c9e (webtiles) character file.

Game seed: 15192991887044039485

116 Araneus the Shield-Bearer (level 4, -6/35 HPs)
             Began as a Demonspawn Fighter on Oct 8, 2021.
             Mangled by an iguana (12 damage)
             ... on level 5 of the Dungeon.
             The game lasted 00:06:11 (2518 turns).

Araneus the Shield-Bearer (Demonspawn Fighter)      Turns: 2518, Time: 00:06:12

Health: -6/35      AC:  8    Str: 17    XL:     4   Next: 70%
Magic:  4/4        EV:  7    Int:  9    God:
Gold:   157        SH: 13    Dex: 13    Spells: 3/3 levels left

rFire    . . .     SeeInvis .   a - +0 trident
rCold    . . .     Faith    .   c - +0 kite shield
rNeg     . . .     Spirit   .   b - +0 scale mail
rPois    .         Reflect  .   (no helmet)
rElec    .         Harm     .   (no cloak)
rCorr    .         Rampage  .   e - +1 pair of gloves
Will     .....                  (no boots)
Stlth    ..........             (no amulet)
HPRegen  0.11/turn              (no ring)
MPRegen  0.09/turn              (no ring)

@: no status effects
A: large bone plates 1, spiny 1
a: no special abilities


You were on level 5 of the Dungeon.
You visited 1 branch of the dungeon, and saw 4 of its levels.

You collected 157 gold pieces.

Inventory:

Hand Weapons
 a - a +0 trident (weapon)
Armour
 b - a +0 scale mail (worn)
 c - a +0 kite shield (worn)
 e - a +1 pair of gloves (worn)
Jewellery
 j - an amulet of regeneration
Scrolls
 g - 3 scrolls of identify
 k - a scroll of immolation
Potions
 f - 3 potions of curing


   Skills:
 - Level 3.0 Fighting
 * Level 3.7 Polearms
 - Level 2.6 Armour
 + Level 3.7 Shields


You had 3 spell levels left.
You didn't know any spells.
Your spell library contained the following spells:

 Spells                   Type           Power      Damage    Failure   Level
 Blink                    Tloc           N/A        N/A       100%        2
 Lesser Beckoning         Tloc           0%         N/A       100%        3
 Manifold Assault         Tloc           0%         N/A       100%        5


Dungeon Overview and Level Annotations

Branches:
Dungeon (3/15)

Altars:
Trog

Shops:
D:2 ([((

Annotations:
D:5 Sigmund


Innate Abilities, Weirdness & Mutations

You are partially covered in large bone plates. (SH +4)
You are partially covered in sharp spines.


Message History

The iguana bites you but does no damage.
Items here: ))) [ ††.
Okay, then.
You hit Sigmund.
Sigmund is lightly wounded.
Sigmund barely misses you. You block the iguana's attack.
You hit Sigmund but do no damage.
Sigmund is lightly wounded.
Sigmund hits you with a +0 scythe.
* * * LOW HITPOINT WARNING * * *
You block the iguana's attack.
Your shield and scale mail prevent you from hitting Sigmund.
Sigmund is lightly wounded.
The iguana is struck by your spines. The iguana barely misses you.
Sigmund hits you with a +0 scythe.
* * * LOW HITPOINT WARNING * * *
The iguana hisses menacingly.
The iguana bites you.
* * * LOW HITPOINT WARNING * * *
Unknown command.
Unknown command.
Okay, then.
Okay, then.
You block Sigmund's attack. You block the iguana's attack.
There is an open door here.
You hear the slow rusting of a very distant drain.
Sigmund laughs darkly.
Sigmund gestures wildly while chanting.
Sigmund flickers and vanishes!
Deactivating autopickup; reactivate with Ctrl-A.
Found a flail.
The iguana hisses menacingly.
You block the iguana's attack. You block Sigmund's attack.
Sigmund asks, "Do you like me?"
Sigmund points at you and mumbles some strange words.
The magic dart hits you.
* * * LOW HITPOINT WARNING * * *
You open the door. The iguana is struck by your spines. The iguana bites you!
You die...

########## # .
##...#..#.# .#...
#.........#......
#......@l@'......
#########........#......
...#...##........# .....
...#...#.........# ....
...#...#........)# ...
...#...#.........# ..
... #..###..###### .
#####..###..##.###
...................


You could see Sigmund and an iguana.

Vanquished Creatures
  A hound (D:5)
  An orc priest (D:5)
  2 adders
  4 orcs
  5 endoplasms
  3 goblins
  2 hobgoblins
  3 jackals (D:1)
  3 kobolds
  A quokka (D:1)
  6 ball pythons
  2 frilled lizards
  2 rats
35 creatures vanquished.

Notes
Turn   | Place    | Note
-------+----------+-------------------------------------------
     0 | D:1      | Araneus the Demonspawn Fighter began the quest for the Orb.
     0 | D:1      | Reached XP level 1. HP: 18/18 MP: 1/1
   215 | D:1      | Gained mutation: You are partially covered in large bone
                  | plates. (SH +4) [demonic ancestry]
   215 | D:1      | Reached XP level 2. HP: 24/24 MP: 2/2
   804 | D:2      | Reached XP level 3. HP: 24/29 MP: 3/3
  1056 | D:2      | Noticed a golden eye
  1060 | D:2      | Noticed a great orb of eyes
  1084 | D:2      | You fall into a shaft and drop 1 floor!
  1499 | D:2      | Found a faded altar of an unknown god.
  1514 | D:2      | Noticed a great orb of eyes
  1515 | D:2      | Noticed a shining eye
  1623 | D:2      | Found Xoefim's Antique Weapon Emporium.
  1705 | D:2      | Found Fujah's Weapon Emporium.
  1821 | D:2      | Found Zerog's Antique Armour Emporium.
  1842 | D:2      | Found Yfamisme's Weapon Shop.
  2326 | D:3      | You fall into a shaft and drop 2 floors!
  2326 | D:5      | Entered Level 5 of the Dungeon
  2326 | D:5      | Found a bloodstained altar of Trog.
  2354 | D:5      | Gained mutation: You are partially covered in sharp spines.
                  | [demonic ancestry]
  2354 | D:5      | Reached XP level 4. HP: 30/35 MP: 4/4
  2442 | D:5      | Noticed Sigmund
  2458 | D:5      | HP: 1/35 [iguana (6)]
  2518 | D:5      | Mangled by an iguana

Illustrated notes

Levels and vault maps discovered:
D:1:      dpeg_arrival_rooms_a, layout_loops_ring
D:2:      layout_basic, serial_shops, shop, nicolae_shop_window_shopping,
          nicolae_square_shop, nicolae_shop_trees,
          hellmonk_ecumenical_altar_watching_god
D:3:      layout_basic
D:5:      layout_gridville, kennysheep_little_box, amcnicky_altar_gilded,
          lightli_sewer_entry_pipes, minivault_23, uniq_grinder, uniq_sigmund

Skill      XL: |  1  2  3 |
---------------+----------+-----
Polearms       | 2 3 |  3.7
Shields        | 3 |  3.7
Fighting       | |  3.0
Armour         | |  2.6

Action                   |  1- 3 |  4- 6 || total
-------------------------+-------+-------++-------
Melee: Trident           |   138 |    10 ||   148
  Use: Scroll            |     5 |       ||     5
       Potion            |       |     3 ||     3
Armor: Scale mail        |    52 |     2 ||    54
Dodge: Dodged            |    26 |     7 ||    33
Block: Kite shield       |    90 |    10 ||   100
